Washington Capitals vs Nashville Predators (R1)

Created - Saturday, February 28, 2026 at 07:02

Goals
1 2 3 OT1 SO T
Washington Capitals 2 1 2 0 1 6
Nashville Predators 1 1 3 0 0 5
Shots
1 2 3 OT1 SO T
Washington Capitals 11 10 16 0 3 37
Nashville Predators 9 12 11 1 3 33

1st period

1. Washington Capitals , Jason Robertson 11 (Tomas Hertl 19) at 2:36
2. Nashville Predators , Marco Kasper 11 (Emil Heineman 5, Rasmus Ristolainen 9) at 9:21
3. Washington Capitals , Tomas Hertl 11 (Jason Robertson 15) at 10:41

Penalties :
Alex Ovechkin (WSH) for Slashing (Minor) at 4:01, Alex Pietrangelo (NSH) for Holding (Minor) at 14:02, Ian Cole (WSH) for Tripping (Minor) at 19:36, Frederick Gaudreau (WSH) for Hooking (Minor) at 19:50

2nd period

4. Nashville Predators , Jordan Spence 2 (Brandon Montour 9, Jack Roslovic 19) at 1:22 (PP)
5. Washington Capitals , Tom Wilson 15 (Alex Ovechkin 22, Shane Pinto 14) at 16:29

Penalties :
Nikita Zadorov (WSH) for Hooking (Minor) at 2:47, John Carlson (WSH) for Hooking (Minor) at 5:51, Pius Suter (NSH) for Tripping (Minor) at 11:31

3rd period

6. Nashville Predators , Emil Heineman 10 (Alexey Toropchenko 5, Pius Suter 19) at 8:32
7. Nashville Predators , Jordan Spence 3 (Yegor Sharangovich 5) at 8:38
8. Nashville Predators , Marco Kasper 12 (Ryan Graves 3, Eetu Luostarinen 8) at 14:48
9. Washington Capitals , Tomas Hertl 12 (Jason Robertson 16, John Carlson 18) at 15:02
10. Washington Capitals , Nick Foligno 2 (Drake Batherson 13, Tomas Hertl 20) at 15:36 (PP)

Penalties :
Marco Kasper (NSH) for Hooking (Minor) at 6:23, Matthew Tkachuk (NSH) for Hooking (Minor) at 15:21

Overtime #1

No Goal

Penalties :
No Penalty

Shootout

Washington Capitals, Jason Robertson - Stopped by Anthony Stolarz
Nashville Predators, John-Jason Peterka - Stopped by Jake Oettinger
Washington Capitals, Frederick Gaudreau - Shot Misses the Net
Nashville Predators, Jean-Gabriel Pageau - Stopped by Jake Oettinger
Washington Capitals, Lars Eller - Goal!
Nashville Predators, Pius Suter - Stopped by Jake Oettinger

Penalties :
No Penalty

Goalie Stats

Jake Oettinger (WSH), 28 saves from 33 shots - (0.848), W, 13-11-3, 65:00 minutes
Anthony Stolarz (NSH), 24 saves from 27 shots - (0.889), OTL, 13-6-6, 51:01 minutes
Thatcher Demko (NSH), 8 saves from 10 shots - (0.800), 13:59 minutes

Players Stats for Washington Capitals

Player Name              G  A  P  +/- PIM S  H  SB GA TA FO     MP     PP MP  PK MP  
------------------------------------------------------------------------------------
Alex Ovechkin            0  1  1   0  2   2  1  0  1  1  0/0    16:38   3:35   0:00 
Drake Batherson          0  1  1   0  0   0  1  1  1  0  0/1    11:16   1:50   0:00 
Frederick Gaudreau       0  0  0  -1  2   3  1  0  0  0  2/5    16:44   0:18   3:02 
Ian Cole                 0  0  0   0  2   2  0  0  0  3  0/0    18:07   0:00   2:49 
Jamie Oleksiak           0  0  0   1  0   1  2  0  0  0  0/0    22:06   0:00   3:38 
Jason Robertson          1  2  3   1  0   2  0  0  1  0  0/1    17:23   3:36   0:00 
John Carlson             0  1  1   1  2   0  1  0  0  1  0/0    25:45   3:36   2:51 
Lars Eller               0  0  0   0  0   2  2  1  0  1  0/0    10:58   0:00   0:03 
Marco Rossi              0  0  0  -2  0   4  0  0  0  1  6/8    15:07   2:36   0:00 
Nick Foligno             1  0  1   1  0   1  4  0  0  0  0/1    17:36   2:34   3:38 
Nick Jensen              0  0  0   0  0   0  1  0  0  0  0/0    17:52   0:00   2:30 
Nikita Zadorov           0  0  0   0  2   0  0  0  0  0  0/0    14:20   0:00   0:41 
Sean Kuraly              0  0  0   0  0   2  0  0  1  1  2/5    12:28   0:00   1:00 
Shane Pinto              0  1  1   0  0   6  1  1  0  1  16/29  20:38   3:35   3:53 
Stefan Noesen            0  0  0  -1  0   1  1  1  1  0  0/0    14:26   0:36   0:00 
Tom Wilson               1  0  1   0  0   6  0  0  0  1  1/2    18:00   3:35   3:11 
Tomas Hertl              2  2  4   1  0   4  2  0  1  0  11/24  16:07   2:33   0:00 
Tyler Myers              0  0  0  -1  0   1  1  0  2  2  0/0    24:42   2:36   3:51 

Players Stats for Nashville Predators

Player Name              G  A  P  +/- PIM S  H  SB GA TA FO     MP     PP MP  PK MP  
------------------------------------------------------------------------------------
Alex Pietrangelo         0  0  0  -2  2   0  1  0  0  0  0/0    23:15   3:56   1:55 
Alexey Toropchenko       0  1  1   1  0   2  0  0  0  0  1/1     9:48   0:00   2:39 
Brandon Montour          0  1  1   0  0   1  2  2  0  2  0/0    23:04   4:14   0:55 
Dmitri Voronkov          0  0  0  -1  0   5  3  0  0  1  0/1    17:46   3:59   0:00 
Eetu Luostarinen         0  1  1   2  0   1  2  0  1  1  0/0    15:24   0:00   3:08 
Emil Heineman            1  1  2   3  0   3  2  1  1  0  1/2    13:53   0:00   1:28 
Jack Roslovic            0  1  1  -1  0   1  0  0  2  0  0/0    18:38   3:59   0:00 
Jean-Gabriel Pageau      0  0  0  -1  0   0  2  0  0  0  9/15   17:30   0:00   2:17 
John-Jason Peterka       0  0  0  -2  0   2  0  0  2  0  1/1    18:39   4:11   0:00 
Jordan Spence            2  0  2   1  0   3  1  1  0  1  0/0    17:50   4:14   0:16 
Marco Kasper             2  0  2   3  2   4  1  0  1  1  12/22  17:19   3:59   0:00 
Matthew Tkachuk          0  0  0  -2  2   4  2  0  2  0  0/0    18:48   4:11   0:00 
Pius Suter               0  1  1  -2  2   1  2  0  0  0  11/26  20:56   4:11   2:06 
Rasmus Ristolainen       0  1  1   1  0   2  2  3  0  1  0/0    25:27   3:56   3:08 
Ryan Graves              0  1  1   1  0   0  3  1  0  0  0/0    18:24   0:00   3:04 
Simon Benoit             0  0  0  -1  0   2  5  2  1  0  0/0    22:00   0:00   3:06 
Yegor Chinakhov          0  0  0   0  0   1  1  0  2  0  0/0     6:59   0:00   0:00 
Yegor Sharangovich       0  1  1   0  0   1  0  0  0  1  3/8     8:04   0:00   0:46 

3 Stars

1 - Tomas Hertl (WSH)
2 - Emil Heineman (NSH)
3 - Marco Kasper (NSH)

Power Play

Washington Capitals - 1 on 4 Attempt(s) - 25.00%
Nashville Predators - 1 on 5 Attempt(s) - 20.00%

Penalty Kill

Washington Capitals - 4 on 5 Attempt(s) - 80.00% - Score 0 goal in Penalty Kill
Nashville Predators - 3 on 4 Attempt(s) - 75.00% - Score 0 goal in Penalty Kill

Team Stat

Washington Capitals - Hits : 18 - Faceoff Wins : 38 - Blocked Shots : 4 - Penalty Minutes : 10
Nashville Predators - Hits : 29 - Faceoff Wins : 38 - Blocked Shots : 10 - Penalty Minutes : 8

Official

Referees : Jon Mcisaac and Morgan Macphee
Linesman : Caleb Apperson and Devin Berg

Game Notes

Thatcher Demko is injured at 13:59 of 1st period (Strained Left Elbow)
Anthony Stolarz enters game at 13:59 of 1st period

Finance

Level 1 -- Attendance: 4793 (79.88%) -- Ticket Income $479,300
Level 2 -- Attendance: 3744 (74.88%) -- Ticket Income $224,640
Level 3 -- Attendance: 2209 (73.63%) -- Ticket Income $77,315
Level 4 -- Attendance: 3931 (78.62%) -- Ticket Income $98,275
Luxury Box -- Attendance: 783 (78.30%) -- Ticket Income $156,600
Game was played at the Bridgestone Arena.
Total Attendance: 15460 (77.30%)
Total Ticket Income: $1,036,130
Other Income: $362,646
Total Income: $1,398,776

Washington Capitals

5 vs 5 Forward 
   Center                   Left Wing                Right Wing               Time % Phy DF OF 
 1 Tomas Hertl              Jason Robertson          Nick Foligno             30     0   3  2  
 2 Shane Pinto              Alex Ovechkin            Tom Wilson               29     0   2  3  
 3 Marco Rossi              Frederick Gaudreau       Stefan Noesen            28     0   2  3  
 4 Lars Eller               Sean Kuraly              Drake Batherson          13     1   2  2  

5 vs 5 Defense 
   Defense                  Defense                                           Time % Phy DF OF 
 1 John Carlson             Jamie Oleksiak                                    37     0   3  2  
 2 Tyler Myers              Ian Cole                                          34     0   3  2  
 3 Nikita Zadorov           Nick Jensen                                       29     1   3  1  
 4 Nikita Zadorov           Nick Jensen                                       0      1   2  2  

PowerPlay Forward 
   Center                   Left Wing                Right Wing               Time % Phy DF OF 
 1 Tomas Hertl              Drake Batherson          Nick Foligno             50     0   1  4  
 2 Shane Pinto              Alex Ovechkin            Tom Wilson               50     0   1  4  

PowerPlay Defense
   Defense                  Defense                                           Time % Phy DF OF 
 1 John Carlson             Jason Robertson                                   50     0   2  3  
 2 Tyler Myers              Marco Rossi                                       50     0   2  3  

Penalty Kill 4 Players Forward 
   Center                   Wing                     Time % Phy DF OF 
 1 Frederick Gaudreau       Nick Foligno             50     0   4  1  
 2 Shane Pinto              Tom Wilson               50     0   4  1  

Penalty Kill 4 Players Defense
   Defense                  Defense                  Time % Phy DF OF 
 1 John Carlson             Jamie Oleksiak           50     1   4  0  
 2 Tyler Myers              Ian Cole                 50     1   4  0  

Penalty Kill - 3 Players Forward 
   Forward                                           Time % Phy DF OF 
 1 Frederick Gaudreau                                50     0   5  0  
 2 Shane Pinto                                       50     1   2  2  

Penalty Kill - 3 Players Defense
   Defense                  Defense                  Time % Phy DF OF 
 1 John Carlson             Nikita Zadorov           50     1   4  0  
 2 Tyler Myers              Ian Cole                 50     1   4  0  

4 vs 4 Forward 
   Center                   Wing                     Time % Phy DF OF 
 1 Tomas Hertl              Jason Robertson          50     1   1  3  
 2 Shane Pinto              Alex Ovechkin            50     1   1  3  

4 vs 4 Defense
   Defense                  Defense                  Time % Phy DF OF 
 1 John Carlson             Jamie Oleksiak           50     1   2  2  
 2 Tyler Myers              Nick Jensen              50     1   2  2  

Last Minutes Offensive
   Center                   Left Wing                Right Wing               Defense                  Defense                  
   Tomas Hertl              Alex Ovechkin            Tom Wilson               John Carlson             Jason Robertson          

Last Minutes Defensive
   Center                   Left Wing                Right Wing               Defense                  Defense                  
   Shane Pinto              Frederick Gaudreau       Nick Foligno             Ian Cole                 Jamie Oleksiak           

Goaltenders
Starting : Jake Oettinger           
Backup : Casey DeSmith            

Extra Forwards
Normal : Sean Kuraly, Lars Eller, Stefan Noesen - PP : Stefan Noesen, Frederick Gaudreau - PK : Sean Kuraly
Extra Defensemen
Normal : Nikita Zadorov, Nick Jensen, Ian Cole - PP : Nick Jensen - PK : Nick Jensen, Nikita Zadorov
Penalty Shots
Jason Robertson, Frederick Gaudreau, Lars Eller, Alex Ovechkin, Drake Batherson

Scratches
Noah Warren (Healthy), Fabian Zetterlund (Healthy)

Nashville Predators

5 vs 5 Forward 
   Center                   Left Wing                Right Wing               Time % Phy DF OF 
 1 Pius Suter               Matthew Tkachuk          John-Jason Peterka       30     1   2  2  
 2 Jean-Gabriel Pageau      Dmitri Voronkov          Jack Roslovic            30     1   2  2  
 3 Marco Kasper             Emil Heineman            Eetu Luostarinen         27     1   2  2  
 4 Yegor Sharangovich       Alexey Toropchenko       Yegor Chinakhov          13     1   2  2  

5 vs 5 Defense 
   Defense                  Defense                                           Time % Phy DF OF 
 1 Alex Pietrangelo         Simon Benoit                                      35     1   2  2  
 2 Rasmus Ristolainen       Brandon Montour                                   35     1   2  2  
 3 Jordan Spence            Ryan Graves                                       30     1   2  2  
 4 Brandon Montour          Simon Benoit                                      0      1   2  2  

PowerPlay Forward 
   Center                   Left Wing                Right Wing               Time % Phy DF OF 
 1 Pius Suter               Matthew Tkachuk          John-Jason Peterka       50     0   2  3  
 2 Marco Kasper             Dmitri Voronkov          Jack Roslovic            50     1   2  2  

PowerPlay Defense
   Defense                  Defense                                           Time % Phy DF OF 
 1 Brandon Montour          Jordan Spence                                     50     1   2  2  
 2 Alex Pietrangelo         Rasmus Ristolainen                                50     1   2  2  

Penalty Kill 4 Players Forward 
   Center                   Wing                     Time % Phy DF OF 
 1 Pius Suter               Eetu Luostarinen         50     1   2  2  
 2 Jean-Gabriel Pageau      Alexey Toropchenko       50     1   2  2  

Penalty Kill 4 Players Defense
   Defense                  Defense                  Time % Phy DF OF 
 1 Simon Benoit             Rasmus Ristolainen       50     1   2  2  
 2 Alex Pietrangelo         Ryan Graves              50     1   2  2  

Penalty Kill - 3 Players Forward 
   Forward                                           Time % Phy DF OF 
 1 Pius Suter                                        50     1   2  2  
 2 Jean-Gabriel Pageau                               50     1   2  2  

Penalty Kill - 3 Players Defense
   Defense                  Defense                  Time % Phy DF OF 
 1 Simon Benoit             Rasmus Ristolainen       50     1   2  2  
 2 Alex Pietrangelo         Ryan Graves              50     1   2  2  

4 vs 4 Forward 
   Center                   Wing                     Time % Phy DF OF 
 1 Pius Suter               Matthew Tkachuk          50     1   2  2  
 2 Jean-Gabriel Pageau      John-Jason Peterka       50     1   2  2  

4 vs 4 Defense
   Defense                  Defense                  Time % Phy DF OF 
 1 Rasmus Ristolainen       Simon Benoit             50     1   2  2  
 2 Alex Pietrangelo         Ryan Graves              50     1   2  2  

Last Minutes Offensive
   Center                   Left Wing                Right Wing               Defense                  Defense                  
   Pius Suter               Matthew Tkachuk          John-Jason Peterka       Brandon Montour          Jordan Spence            

Last Minutes Defensive
   Center                   Left Wing                Right Wing               Defense                  Defense                  
   Jean-Gabriel Pageau      Pius Suter               Eetu Luostarinen         Simon Benoit             Rasmus Ristolainen       

Goaltenders
Starting : Thatcher Demko           
Backup : Anthony Stolarz          

Extra Forwards
Normal : Jack Roslovic, Marco Kasper, Dmitri Voronkov - PP : Marco Kasper, Yegor Chinakhov - PK : Emil Heineman
Extra Defensemen
Normal : Brandon Montour, Jordan Spence, Alex Pietrangelo - PP : Rasmus Ristolainen - PK : Brandon Montour, Jordan Spence
Penalty Shots
John-Jason Peterka, Jean-Gabriel Pageau, Pius Suter, Dmitri Voronkov, Eetu Luostarinen

Scratches
Dante Fabbro (Healthy), Parker Wotherspoon (Healthy), Cayden Primeau (Healthy), Henrik Tikkanen (Healthy), Mads Sogaard (Healthy)

% Time on Ice - Washington Capitals

Lines # - Real PCT - Wanted PCT - Time Play
Normal Forward
1 - 25% - 30% - 11:29
2 - 25% - 29% - 11:29
3 - 29% - 28% - 13:17
4 - 21% - 13% - 9:23
Normal Defense
1 - 37% - 37% - 17:06
2 - 34% - 34% - 15:43
3 - 28% - 29% - 12:49
4 - 0% - 0% - 0:00
PP Forward
1 - 42% - 50% - 2:37
2 - 58% - 50% - 3:35
PP Defense
1 - 58% - 50% - 3:36
2 - 42% - 50% - 2:36
PK Forward
1 - 52% - 50% - 3:27
2 - 48% - 50% - 3:11
PK Defense
1 - 55% - 50% - 3:38
2 - 45% - 50% - 3:00
PK3 Forward
1 - 54% - 50% - 0:50
2 - 46% - 50% - 0:42
PK3 Defense
1 - 45% - 50% - 0:41
2 - 55% - 50% - 0:51
44 Forward
1 - 49% - 50% - 2:27
2 - 51% - 50% - 2:33
44 Defense
1 - 44% - 50% - 2:13
2 - 56% - 50% - 2:47
Last Minute Offensive  - 0:00
Last Minute Defensive  - 0:00
Total
Forward - 65:00
Defense - 65:00

% Time on Ice - Nashville Predators

Lines # - Real PCT - Wanted PCT - Time Play
Normal Forward
1 - 28% - 30% - 12:34
2 - 30% - 30% - 13:51
3 - 27% - 27% - 12:14
4 - 15% - 13% - 6:59
Normal Defense
1 - 34% - 35% - 15:18
2 - 35% - 35% - 15:57
3 - 28% - 30% - 12:35
4 - 4% - 0% - 1:48
PP Forward
1 - 51% - 50% - 4:11
2 - 49% - 50% - 3:59
PP Defense
1 - 52% - 50% - 4:14
2 - 48% - 50% - 3:56
PK Forward
1 - 57% - 50% - 3:31
2 - 43% - 50% - 2:41
PK Defense
1 - 50% - 50% - 3:06
2 - 50% - 50% - 3:06
PK3 Forward
1 - 0% - 50%
2 - 0% - 50%
PK3 Defense
1 - 0% - 50%
2 - 0% - 50%
44 Forward
1 - 46% - 50% - 2:17
2 - 54% - 50% - 2:43
44 Defense
1 - 45% - 50% - 2:14
2 - 55% - 50% - 2:46
Last Minute Offensive  - 0:00
Last Minute Defensive  - 0:00
Total
Forward - 65:00
Defense - 65:00

Play-by-Play

1st period


0:01 of 1st period - Tomas Hertl wins face-off versus Pius Suter in neutral zone.
0:08 of 1st period - Wrist shot by Tomas Hertl.
0:08 of 1st period - Stopped by Thatcher Demko with a rebound.
0:55 of 1st period - Wrist shot by Shane Pinto.
0:55 of 1st period - Shot Misses the Net.
2:32 of 1st period - Icing by Jean-Gabriel Pageau.
2:33 of 1st period - Tomas Hertl wins face-off versus Yegor Sharangovich in Nashville Predators zone.
2:36 of 1st period - Wrist shot by Jason Robertson.
2:36 of 1st period - Goal by Jason Robertson - Washington Capitals : 1 - Nashville Predators : 0.
2:37 of 1st period - Pius Suter wins face-off versus Marco Rossi in neutral zone.
2:42 of 1st period - Wrist shot by Matthew Tkachuk.
2:42 of 1st period - Stopped by Jake Oettinger without a rebound.
2:43 of 1st period - Marco Rossi wins face-off versus Pius Suter in Washington Capitals zone.
3:28 of 1st period - Snap shot by Stefan Noesen.
3:28 of 1st period - Shot Blocked by Jordan Spence.
3:30 of 1st period - Snap shot by Marco Rossi.
3:30 of 1st period - Shot Misses the Net.
3:46 of 1st period - Snap shot by Marco Rossi.
3:46 of 1st period - Stopped by Thatcher Demko without a rebound.
3:47 of 1st period - Shane Pinto wins face-off versus Yegor Sharangovich in Nashville Predators zone.
4:01 of 1st period - Minor Penalty to Alex Ovechkin for Slashing.
4:02 of 1st period - John-Jason Peterka wins face-off versus Tom Wilson in Washington Capitals zone.
4:05 of 1st period - Wrist shot by Pius Suter.
4:05 of 1st period - Stopped by Jake Oettinger with a rebound.
4:07 of 1st period - Slapshot by Rasmus Ristolainen.
4:07 of 1st period - Deflect By John Carlson.
4:07 of 1st period - Stopped by Jake Oettinger with a rebound.
4:09 of 1st period - Slapshot by Alex Pietrangelo.
4:09 of 1st period - Shot Misses the Net.
4:38 of 1st period - Off-side.
4:39 of 1st period - Shane Pinto wins face-off versus Marco Kasper in neutral zone.
5:03 of 1st period - Jordan Spence is hit by Shane Pinto and loses puck.
5:14 of 1st period - Wrist shot by Shane Pinto.
5:14 of 1st period - Shot Misses the Net.
5:16 of 1st period - Slapshot by Tom Wilson.
5:16 of 1st period - Stopped by Thatcher Demko without a rebound.
5:17 of 1st period - Marco Kasper wins face-off versus Frederick Gaudreau in Nashville Predators zone.
6:01 of 1st period - Penalty to Alex Ovechkin is over, Alex Ovechkin is back on ice.
6:27 of 1st period - Nick Foligno is hit by Ryan Graves and loses puck.
7:15 of 1st period - Jamie Oleksiak is hit by Brandon Montour and loses puck.
7:36 of 1st period - Jack Roslovic is hit by Tomas Hertl and loses puck.
7:59 of 1st period - Wrist shot by Matthew Tkachuk.
7:59 of 1st period - Stopped by Jake Oettinger with a rebound.
8:36 of 1st period - Icing by Yegor Sharangovich.
8:37 of 1st period - Marco Rossi wins face-off versus Pius Suter in Nashville Predators zone.
8:46 of 1st period - Snap shot by Marco Rossi.
8:46 of 1st period - Deflect By Pius Suter.
8:46 of 1st period - Shot Misses the Net.
8:46 of 1st period - Puck is out of play.
8:47 of 1st period - Pius Suter wins face-off versus Tomas Hertl in Nashville Predators zone.
8:52 of 1st period - Jason Robertson is hit by Matthew Tkachuk and loses puck.
8:59 of 1st period - Wrist shot by John-Jason Peterka.
8:59 of 1st period - Stopped by Jake Oettinger without a rebound.
9:00 of 1st period - Marco Kasper wins face-off versus Tomas Hertl in Washington Capitals zone.
9:07 of 1st period - Icing by John Carlson.
9:08 of 1st period - Tomas Hertl wins face-off versus Marco Kasper in Washington Capitals zone.
9:21 of 1st period - Snap shot by Marco Kasper.
9:21 of 1st period - Goal by Marco Kasper - Washington Capitals : 1 - Nashville Predators : 1.
9:22 of 1st period - Pius Suter wins face-off versus Shane Pinto in neutral zone.
9:55 of 1st period - Off-side.
9:56 of 1st period - Marco Kasper wins face-off versus Tomas Hertl in neutral zone.
10:41 of 1st period - Wrist shot by Tomas Hertl.
10:41 of 1st period - Goal by Tomas Hertl - Washington Capitals : 2 - Nashville Predators : 1.
10:42 of 1st period - Shane Pinto wins face-off versus Pius Suter in neutral zone.
11:02 of 1st period - Rasmus Ristolainen is hit by Tyler Myers and loses puck.
11:41 of 1st period - Slapshot by Drake Batherson.
11:41 of 1st period - Shot Misses the Net.
11:43 of 1st period - Snap shot by Sean Kuraly.
11:43 of 1st period - Stopped by Thatcher Demko with a rebound.
11:45 of 1st period - Snap shot by Jamie Oleksiak.
11:45 of 1st period - Shot Misses the Net.
11:47 of 1st period - Slapshot by Jamie Oleksiak.
11:47 of 1st period - Deflect By Drake Batherson.
11:47 of 1st period - Shot Misses the Net.
11:47 of 1st period - Puck is out of play.
11:48 of 1st period - Shane Pinto wins face-off versus Jean-Gabriel Pageau in Nashville Predators zone.
12:57 of 1st period - Snap shot by Marco Rossi.
12:57 of 1st period - Stopped by Thatcher Demko without a rebound.
12:58 of 1st period - Jean-Gabriel Pageau wins face-off versus Shane Pinto in Nashville Predators zone.
13:11 of 1st period - Wrist shot by Dmitri Voronkov.
13:11 of 1st period - Shot Misses the Net.
13:24 of 1st period - Matthew Tkachuk is hit by Nick Foligno and loses puck.
13:51 of 1st period - Snap shot by Lars Eller.
13:51 of 1st period - Stopped by Thatcher Demko with a rebound.
13:53 of 1st period - Snap shot by Drake Batherson.
13:53 of 1st period - Shot Blocked by Rasmus Ristolainen.
13:55 of 1st period - Slapshot by Ian Cole.
13:55 of 1st period - Deflect By Rasmus Ristolainen.
13:55 of 1st period - Stopped by Thatcher Demko with a rebound.
13:57 of 1st period - Slapshot by Ian Cole.
13:57 of 1st period - Shot Blocked by Rasmus Ristolainen.
13:59 of 1st period - Snap shot by Ian Cole.
13:59 of 1st period - Stopped by Thatcher Demko without a rebound.
13:59 of 1st period - Thatcher Demko from Nashville Predators is injured at 13:59 of 1st period (Strained Left Elbow).
13:59 of 1st period - Anthony Stolarz enters game.
14:00 of 1st period - Jean-Gabriel Pageau wins face-off versus Shane Pinto in Nashville Predators zone.
14:02 of 1st period - Minor Penalty to Alex Pietrangelo for Holding.
14:03 of 1st period - Pius Suter wins face-off versus Tomas Hertl in Nashville Predators zone.
14:10 of 1st period - Off-side.
14:11 of 1st period - Tomas Hertl wins face-off versus Jean-Gabriel Pageau in neutral zone.
14:13 of 1st period - Off-side.
14:14 of 1st period - Alexey Toropchenko wins face-off versus Shane Pinto in neutral zone.
14:23 of 1st period - Snap shot by Jean-Gabriel Pageau.
14:23 of 1st period - Shot Misses the Net.
16:02 of 1st period - Penalty to Alex Pietrangelo is over, Alex Pietrangelo is back on ice.
16:30 of 1st period - Snap shot by Lars Eller.
16:30 of 1st period - Stopped by Anthony Stolarz with a rebound.
16:44 of 1st period - Snap shot by Emil Heineman.
16:44 of 1st period - Shot Misses the Net.
16:46 of 1st period - Snap shot by Eetu Luostarinen.
16:46 of 1st period - Shot Misses the Net.
17:10 of 1st period - Nikita Zadorov is hit by Dmitri Voronkov.
18:45 of 1st period - Alex Ovechkin is hit by Alex Pietrangelo and loses puck.
19:12 of 1st period - Slapshot by Yegor Chinakhov.
19:12 of 1st period - Stopped by Jake Oettinger without a rebound.
19:13 of 1st period - Tomas Hertl wins face-off versus Yegor Sharangovich in Washington Capitals zone.
19:21 of 1st period - Icing by Tyler Myers.
19:22 of 1st period - Tomas Hertl wins face-off versus Jean-Gabriel Pageau in Washington Capitals zone.
19:36 of 1st period - Minor Penalty to Ian Cole for Tripping.
19:37 of 1st period - Marco Kasper wins face-off versus Frederick Gaudreau in Washington Capitals zone.
19:39 of 1st period - Wrist shot by Marco Kasper.
19:39 of 1st period - Stopped by Jake Oettinger with a rebound.
19:43 of 1st period - Slapshot by Marco Kasper.
19:43 of 1st period - Deflect By Dmitri Voronkov.
19:43 of 1st period - Stopped by Jake Oettinger without a rebound.
19:44 of 1st period - Marco Kasper wins face-off versus Frederick Gaudreau in Washington Capitals zone.
19:47 of 1st period - Snap shot by Marco Kasper.
19:47 of 1st period - Deflect By Nick Jensen.
19:47 of 1st period - Shot Hit the Post.
19:47 of 1st period - Puck is out of play.
19:48 of 1st period - Frederick Gaudreau wins face-off versus Marco Kasper in Washington Capitals zone.
19:50 of 1st period - Minor Penalty to Frederick Gaudreau for Hooking.
19:51 of 1st period - Marco Kasper wins face-off versus Sean Kuraly in Washington Capitals zone.
Goals for this period are 2 for Washington Capitals vs 1 for Nashville Predators.
Shots for this period are 11 for Washington Capitals vs 9 for Nashville Predators.

2nd period


0:01 of 2nd period - Shane Pinto wins face-off versus Pius Suter in neutral zone.
0:06 of 2nd period - Wrist shot by Shane Pinto.
0:06 of 2nd period - Stopped by Anthony Stolarz without a rebound.
0:07 of 2nd period - Pius Suter wins face-off versus Shane Pinto in Nashville Predators zone.
0:22 of 2nd period - Slapshot by Matthew Tkachuk.
0:22 of 2nd period - Stopped by Jake Oettinger with a rebound.
0:24 of 2nd period - Wrist shot by Matthew Tkachuk.
0:24 of 2nd period - Deflect By Pius Suter.
0:24 of 2nd period - Shot Misses the Net.
0:24 of 2nd period - Puck is out of play.
0:25 of 2nd period - Sean Kuraly wins face-off versus Marco Kasper in Washington Capitals zone.
1:02 of 2nd period - Icing by John-Jason Peterka.
1:03 of 2nd period - Shane Pinto wins face-off versus Pius Suter in Nashville Predators zone.
1:04 of 2nd period - Slapshot by Tyler Myers.
1:04 of 2nd period - Stopped by Anthony Stolarz without a rebound.
1:05 of 2nd period - Marco Kasper wins face-off versus Shane Pinto in Nashville Predators zone.
1:10 of 2nd period - Snap shot by Dmitri Voronkov.
1:10 of 2nd period - Stopped by Jake Oettinger without a rebound.
1:11 of 2nd period - Marco Kasper wins face-off versus Sean Kuraly in Washington Capitals zone.
1:16 of 2nd period - Wrist shot by Dmitri Voronkov.
1:16 of 2nd period - Shot Misses the Net.
1:18 of 2nd period - Slapshot by Jack Roslovic.
1:18 of 2nd period - Shot Misses the Net.
1:20 of 2nd period - Slapshot by Brandon Montour.
1:20 of 2nd period - Shot Misses the Net.
1:22 of 2nd period - Backhand shot by Jordan Spence.
1:22 of 2nd period - Goal by Jordan Spence - Washington Capitals : 2 - Nashville Predators : 2.
1:23 of 2nd period - Sean Kuraly wins face-off versus Pius Suter in neutral zone.
1:30 of 2nd period - Matthew Tkachuk is hit by Nick Foligno and loses puck.
1:50 of 2nd period - Penalty to Frederick Gaudreau is over, Frederick Gaudreau is back on ice.
1:55 of 2nd period - Snap shot by Dmitri Voronkov.
1:55 of 2nd period - Stopped by Jake Oettinger without a rebound.
1:56 of 2nd period - Jean-Gabriel Pageau wins face-off versus Shane Pinto in Washington Capitals zone.
2:47 of 2nd period - Minor Penalty to Nikita Zadorov for Hooking.
2:48 of 2nd period - Marco Kasper wins face-off versus Shane Pinto in Washington Capitals zone.
2:48 of 2nd period - Snap shot by Dmitri Voronkov.
2:48 of 2nd period - Shot Blocked by Shane Pinto.
2:52 of 2nd period - Slapshot by Dmitri Voronkov.
2:52 of 2nd period - Stopped by Jake Oettinger with a rebound.
2:54 of 2nd period - Wrist shot by Jack Roslovic.
2:54 of 2nd period - Shot Misses the Net.
2:56 of 2nd period - Snap shot by Jack Roslovic.
2:56 of 2nd period - Stopped by Jake Oettinger with a rebound.
2:58 of 2nd period - Wrist shot by Marco Kasper.
2:58 of 2nd period - Deflect By Dmitri Voronkov.
2:58 of 2nd period - Shot Misses the Net.
2:58 of 2nd period - Puck is out of play.
2:59 of 2nd period - Frederick Gaudreau wins face-off versus Pius Suter in Washington Capitals zone.
3:36 of 2nd period - Tom Wilson is hit by Brandon Montour and loses puck.
4:47 of 2nd period - Penalty to Nikita Zadorov is over, Nikita Zadorov is back on ice.
5:25 of 2nd period - Nikita Zadorov is hit by Emil Heineman and loses puck.
5:51 of 2nd period - Minor Penalty to John Carlson for Hooking.
5:52 of 2nd period - Tom Wilson wins face-off versus Pius Suter in Washington Capitals zone.
6:05 of 2nd period - Slapshot by John-Jason Peterka.
6:05 of 2nd period - Shot Misses the Net.
6:07 of 2nd period - Slapshot by Brandon Montour.
6:07 of 2nd period - Stopped by Jake Oettinger without a rebound.
6:08 of 2nd period - Shane Pinto wins face-off versus Dmitri Voronkov in Washington Capitals zone.
6:17 of 2nd period - Nick Foligno is hit by Dmitri Voronkov and loses puck.
7:48 of 2nd period - Nick Foligno is hit by Jordan Spence.
7:51 of 2nd period - Penalty to John Carlson is over, John Carlson is back on ice.
8:00 of 2nd period - Wrist shot by Drake Batherson.
8:00 of 2nd period - Shot Misses the Net.
9:16 of 2nd period - Matthew Tkachuk is hit by Jamie Oleksiak and loses puck.
9:41 of 2nd period - Emil Heineman is hit by Nick Jensen and loses puck.
9:59 of 2nd period - Alex Ovechkin is hit by Yegor Chinakhov and loses puck.
10:16 of 2nd period - Snap shot by Sean Kuraly.
10:16 of 2nd period - Shot Misses the Net.
10:22 of 2nd period - Ian Cole is hit by Simon Benoit and loses puck.
10:39 of 2nd period - Ian Cole is hit by Pius Suter and loses puck.
11:06 of 2nd period - Frederick Gaudreau is hit by Rasmus Ristolainen.
11:26 of 2nd period - Backhand shot by Shane Pinto.
11:26 of 2nd period - Stopped by Anthony Stolarz with a rebound.
11:28 of 2nd period - Snap shot by Shane Pinto.
11:28 of 2nd period - Stopped by Anthony Stolarz without a rebound.
11:29 of 2nd period - Pius Suter wins face-off versus Nick Foligno in Nashville Predators zone.
11:31 of 2nd period - Minor Penalty to Pius Suter for Tripping.
11:32 of 2nd period - Shane Pinto wins face-off versus Emil Heineman in Nashville Predators zone.
11:32 of 2nd period - Wrist shot by Alex Ovechkin.
11:32 of 2nd period - Stopped by Anthony Stolarz without a rebound.
11:33 of 2nd period - Emil Heineman wins face-off versus Shane Pinto in Nashville Predators zone.
11:39 of 2nd period - Icing by Tom Wilson.
11:40 of 2nd period - Jean-Gabriel Pageau wins face-off versus Shane Pinto in Washington Capitals zone.
11:41 of 2nd period - Snap shot by Alexey Toropchenko.
11:41 of 2nd period - Shot Misses the Net.
11:53 of 2nd period - Alexey Toropchenko is hit by Alex Ovechkin and loses puck.
12:42 of 2nd period - Snap shot by Tom Wilson.
12:42 of 2nd period - Shot Misses the Net.
13:04 of 2nd period - Snap shot by Tom Wilson.
13:04 of 2nd period - Stopped by Anthony Stolarz without a rebound.
13:05 of 2nd period - Jean-Gabriel Pageau wins face-off versus Drake Batherson in Nashville Predators zone.
13:31 of 2nd period - Penalty to Pius Suter is over, Pius Suter is back on ice.
14:59 of 2nd period - Snap shot by Matthew Tkachuk.
14:59 of 2nd period - Shot Misses the Net.
15:01 of 2nd period - Slapshot by Jordan Spence.
15:01 of 2nd period - Stopped by Jake Oettinger with a rebound.
15:03 of 2nd period - Slapshot by Jordan Spence.
15:03 of 2nd period - Deflect By Matthew Tkachuk.
15:03 of 2nd period - Stopped by Jake Oettinger without a rebound.
15:04 of 2nd period - Jean-Gabriel Pageau wins face-off versus Tomas Hertl in Washington Capitals zone.
15:21 of 2nd period - Wrist shot by John-Jason Peterka.
15:21 of 2nd period - Stopped by Jake Oettinger without a rebound.
15:22 of 2nd period - Marco Rossi wins face-off versus Pius Suter in Washington Capitals zone.
15:27 of 2nd period - Matthew Tkachuk is hit by Frederick Gaudreau and loses puck.
15:34 of 2nd period - Slapshot by Alex Pietrangelo.
15:34 of 2nd period - Shot Misses the Net.
15:36 of 2nd period - Snap shot by Pius Suter.
15:36 of 2nd period - Shot Misses the Net.
16:05 of 2nd period - Slapshot by Marco Rossi.
16:05 of 2nd period - Deflect By Stefan Noesen.
16:05 of 2nd period - Shot Misses the Net.
16:05 of 2nd period - Puck is out of play.
16:06 of 2nd period - Shane Pinto wins face-off versus Jean-Gabriel Pageau in Nashville Predators zone.
16:09 of 2nd period - Slapshot by Shane Pinto.
16:09 of 2nd period - Stopped by Anthony Stolarz with a rebound.
16:11 of 2nd period - Wrist shot by Shane Pinto.
16:11 of 2nd period - Stopped by Anthony Stolarz with a rebound.
16:13 of 2nd period - Snap shot by Tom Wilson.
16:13 of 2nd period - Stopped by Anthony Stolarz without a rebound.
16:14 of 2nd period - Shane Pinto wins face-off versus Jean-Gabriel Pageau in Nashville Predators zone.
16:29 of 2nd period - Wrist shot by Tom Wilson.
16:29 of 2nd period - Goal by Tom Wilson - Washington Capitals : 3 - Nashville Predators : 2.
16:30 of 2nd period - Shane Pinto wins face-off versus Marco Kasper in neutral zone.
16:45 of 2nd period - Snap shot by Marco Kasper.
16:45 of 2nd period - Deflect By Emil Heineman.
16:45 of 2nd period - Shot Misses the Net.
16:45 of 2nd period - Puck is out of play.
16:46 of 2nd period - Tomas Hertl wins face-off versus Pius Suter in Washington Capitals zone.
18:02 of 2nd period - Drake Batherson is hit by Ryan Graves and loses puck.
18:59 of 2nd period - Nick Jensen is hit by Emil Heineman and loses puck.
19:06 of 2nd period - Slapshot by Eetu Luostarinen.
19:06 of 2nd period - Stopped by Jake Oettinger with a rebound.
19:08 of 2nd period - Slapshot by Alex Pietrangelo.
19:08 of 2nd period - Shot Misses the Net.
19:15 of 2nd period - Icing by Nikita Zadorov.
19:16 of 2nd period - Marco Rossi wins face-off versus Yegor Sharangovich in Washington Capitals zone.
19:16 of 2nd period - Marco Rossi is hit by Simon Benoit.
19:29 of 2nd period - Slapshot by Simon Benoit.
19:29 of 2nd period - Deflect By Nikita Zadorov.
19:29 of 2nd period - Stopped by Jake Oettinger with a rebound.
Goals for this period are 1 for Washington Capitals vs 1 for Nashville Predators.
Shots for this period are 10 for Washington Capitals vs 12 for Nashville Predators.

3rd period


0:01 of 3rd period - Shane Pinto wins face-off versus Pius Suter in neutral zone.
0:12 of 3rd period - Wrist shot by Alex Ovechkin.
0:12 of 3rd period - Deflect By Shane Pinto.
0:12 of 3rd period - Stopped by Anthony Stolarz with a rebound.
0:31 of 3rd period - Wrist shot by Tyler Myers.
0:31 of 3rd period - Deflect By Jason Robertson.
0:31 of 3rd period - Shot Misses the Net.
0:31 of 3rd period - Puck is out of play.
0:32 of 3rd period - Jean-Gabriel Pageau wins face-off versus Tomas Hertl in Nashville Predators zone.
0:32 of 3rd period - Jean-Gabriel Pageau is hit by Nick Foligno.
1:05 of 3rd period - Icing by Alex Ovechkin.
1:06 of 3rd period - Shane Pinto wins face-off versus Marco Kasper in Washington Capitals zone.
1:06 of 3rd period - Shane Pinto is hit by Eetu Luostarinen.
1:11 of 3rd period - Off-side.
1:12 of 3rd period - Pius Suter wins face-off versus Shane Pinto in neutral zone.
1:29 of 3rd period - Snap shot by Alex Ovechkin.
1:29 of 3rd period - Deflect By Tom Wilson.
1:29 of 3rd period - Stopped by Anthony Stolarz with a rebound.
1:39 of 3rd period - Snap shot by Frederick Gaudreau.
1:39 of 3rd period - Shot Misses the Net.
2:02 of 3rd period - Snap shot by Matthew Tkachuk.
2:02 of 3rd period - Shot Misses the Net.
2:51 of 3rd period - Snap shot by Alex Ovechkin.
2:51 of 3rd period - Shot Misses the Net.
3:25 of 3rd period - Marco Rossi is hit by Simon Benoit and loses puck.
3:44 of 3rd period - Slapshot by Frederick Gaudreau.
3:44 of 3rd period - Stopped by Anthony Stolarz without a rebound.
3:45 of 3rd period - Jean-Gabriel Pageau wins face-off versus Tomas Hertl in Nashville Predators zone.
4:17 of 3rd period - Lars Eller is hit by Rasmus Ristolainen and loses puck.
4:38 of 3rd period - Tyler Myers is hit by Dmitri Voronkov.
4:54 of 3rd period - Lars Eller is hit by Simon Benoit.
5:17 of 3rd period - Jack Roslovic is hit by Drake Batherson and loses puck.
5:22 of 3rd period - Slapshot by John Carlson.
5:22 of 3rd period - Shot Misses the Net.
5:51 of 3rd period - Slapshot by Jack Roslovic.
5:51 of 3rd period - Shot Blocked by Drake Batherson.
5:53 of 3rd period - Slapshot by Rasmus Ristolainen.
5:53 of 3rd period - Shot Blocked by Lars Eller.
6:07 of 3rd period - Slapshot by Tyler Myers.
6:07 of 3rd period - Deflect By Drake Batherson.
6:07 of 3rd period - Shot Misses the Net.
6:07 of 3rd period - Puck is out of play.
6:08 of 3rd period - Shane Pinto wins face-off versus Marco Kasper in Nashville Predators zone.
6:21 of 3rd period - Wrist shot by Alex Ovechkin.
6:21 of 3rd period - Deflect By Tom Wilson.
6:21 of 3rd period - Stopped by Anthony Stolarz with a rebound.
6:23 of 3rd period - Minor Penalty to Marco Kasper for Hooking.
6:24 of 3rd period - Pius Suter wins face-off versus Shane Pinto in Nashville Predators zone.
6:35 of 3rd period - Snap shot by Jason Robertson.
6:35 of 3rd period - Stopped by Anthony Stolarz with a rebound.
6:37 of 3rd period - Wrist shot by Shane Pinto.
6:37 of 3rd period - Shot Misses the Net.
7:05 of 3rd period - Snap shot by Alex Ovechkin.
7:05 of 3rd period - Shot Blocked by Simon Benoit.
7:17 of 3rd period - Rasmus Ristolainen is hit by John Carlson and loses puck.
8:23 of 3rd period - Penalty to Marco Kasper is over, Marco Kasper is back on ice.
8:32 of 3rd period - Snap shot by Emil Heineman.
8:32 of 3rd period - Goal by Emil Heineman - Washington Capitals : 3 - Nashville Predators : 3.
8:33 of 3rd period - Yegor Sharangovich wins face-off versus Tomas Hertl in neutral zone.
8:38 of 3rd period - Wrist shot by Jordan Spence.
8:38 of 3rd period - Goal by Jordan Spence - Washington Capitals : 3 - Nashville Predators : 4.
8:39 of 3rd period - Pius Suter wins face-off versus Tomas Hertl in neutral zone.
8:39 of 3rd period - Brandon Montour is hit by Nick Foligno and loses puck.
9:29 of 3rd period - Stefan Noesen is hit by Jean-Gabriel Pageau.
9:47 of 3rd period - Slapshot by Yegor Sharangovich.
9:47 of 3rd period - Deflect By Alexey Toropchenko.
9:47 of 3rd period - Stopped by Jake Oettinger with a rebound.
9:49 of 3rd period - Slapshot by Yegor Sharangovich.
9:49 of 3rd period - Stopped by Jake Oettinger without a rebound.
9:50 of 3rd period - Yegor Sharangovich wins face-off versus Tomas Hertl in Washington Capitals zone.
9:53 of 3rd period - Snap shot by Yegor Sharangovich.
9:53 of 3rd period - Deflect By Alexey Toropchenko.
9:53 of 3rd period - Stopped by Jake Oettinger with a rebound.
9:55 of 3rd period - Wrist shot by Rasmus Ristolainen.
9:55 of 3rd period - Stopped by Jake Oettinger without a rebound.
9:56 of 3rd period - Marco Kasper wins face-off versus Tomas Hertl in Washington Capitals zone.
9:57 of 3rd period - Snap shot by Emil Heineman.
9:57 of 3rd period - Stopped by Jake Oettinger with a rebound.
10:10 of 3rd period - Slapshot by Jason Robertson.
10:10 of 3rd period - Shot Blocked by Emil Heineman.
10:49 of 3rd period - Off-side.
10:50 of 3rd period - Tomas Hertl wins face-off versus Marco Kasper in neutral zone.
10:53 of 3rd period - Wrist shot by Tomas Hertl.
10:53 of 3rd period - Stopped by Anthony Stolarz with a rebound.
10:55 of 3rd period - Slapshot by Jamie Oleksiak.
10:55 of 3rd period - Deflect By Marco Kasper.
10:55 of 3rd period - Stopped by Anthony Stolarz with a rebound.
11:23 of 3rd period - Snap shot by Tom Wilson.
11:23 of 3rd period - Deflect By Alex Ovechkin.
11:23 of 3rd period - Stopped by Anthony Stolarz with a rebound.
11:25 of 3rd period - Slapshot by Jamie Oleksiak.
11:25 of 3rd period - Shot Misses the Net.
11:27 of 3rd period - Snap shot by Shane Pinto.
11:27 of 3rd period - Shot Misses the Net.
11:47 of 3rd period - Wrist shot by Jean-Gabriel Pageau.
11:47 of 3rd period - Shot Misses the Net.
11:59 of 3rd period - Jean-Gabriel Pageau is hit by Lars Eller and loses puck.
12:16 of 3rd period - Wrist shot by Sean Kuraly.
12:16 of 3rd period - Stopped by Anthony Stolarz with a rebound.
12:18 of 3rd period - Slapshot by Tyler Myers.
12:18 of 3rd period - Shot Blocked by Simon Benoit.
12:30 of 3rd period - Slapshot by Jack Roslovic.
12:30 of 3rd period - Shot Misses the Net.
12:52 of 3rd period - Wrist shot by Dmitri Voronkov.
12:52 of 3rd period - Shot Hit the Post.
13:02 of 3rd period - Slapshot by Dmitri Voronkov.
13:02 of 3rd period - Stopped by Jake Oettinger without a rebound.
13:03 of 3rd period - Tomas Hertl wins face-off versus Pius Suter in Washington Capitals zone.
13:03 of 3rd period - Tomas Hertl is hit by Matthew Tkachuk.
13:09 of 3rd period - Jordan Spence is hit by Tomas Hertl and loses puck.
13:52 of 3rd period - Snap shot by Marco Rossi.
13:52 of 3rd period - Stopped by Anthony Stolarz with a rebound.
14:12 of 3rd period - Nick Jensen is hit by Eetu Luostarinen and loses puck.
14:29 of 3rd period - Stefan Noesen is hit by Marco Kasper and loses puck.
14:44 of 3rd period - Slapshot by Eetu Luostarinen.
14:44 of 3rd period - Shot Misses the Net.
14:46 of 3rd period - Slapshot by Marco Kasper.
14:46 of 3rd period - Shot Blocked by Stefan Noesen.
14:48 of 3rd period - Slapshot by Ryan Graves.
14:48 of 3rd period - Deflect By Marco Kasper.
14:48 of 3rd period - Goal by Marco Kasper - Washington Capitals : 3 - Nashville Predators : 5.
14:49 of 3rd period - Pius Suter wins face-off versus Tomas Hertl in neutral zone.
15:02 of 3rd period - Snap shot by Tomas Hertl.
15:02 of 3rd period - Goal by Tomas Hertl - Washington Capitals : 4 - Nashville Predators : 5.
15:03 of 3rd period - Marco Rossi wins face-off versus Pius Suter in neutral zone.
15:12 of 3rd period - Snap shot by Marco Rossi.
15:12 of 3rd period - Stopped by Anthony Stolarz with a rebound.
15:14 of 3rd period - Wrist shot by Stefan Noesen.
15:14 of 3rd period - Stopped by Anthony Stolarz with a rebound.
15:16 of 3rd period - Snap shot by Frederick Gaudreau.
15:16 of 3rd period - Shot Blocked by Rasmus Ristolainen.
15:21 of 3rd period - Minor Penalty to Matthew Tkachuk for Hooking.
15:22 of 3rd period - Jean-Gabriel Pageau wins face-off versus Tomas Hertl in Nashville Predators zone.
15:34 of 3rd period - Wrist shot by Drake Batherson.
15:34 of 3rd period - Shot Blocked by Ryan Graves.
15:36 of 3rd period - Wrist shot by Nick Foligno.
15:36 of 3rd period - Goal by Nick Foligno - Washington Capitals : 5 - Nashville Predators : 5.
15:37 of 3rd period - Marco Rossi wins face-off versus Marco Kasper in neutral zone.
15:44 of 3rd period - Snap shot by Marco Rossi.
15:44 of 3rd period - Shot Blocked by Brandon Montour.
15:46 of 3rd period - Slapshot by Stefan Noesen.
15:46 of 3rd period - Deflect By Frederick Gaudreau.
15:46 of 3rd period - Deflect By Rasmus Ristolainen.
15:46 of 3rd period - Stopped by Anthony Stolarz without a rebound.
15:47 of 3rd period - Marco Kasper wins face-off versus Marco Rossi in Nashville Predators zone.
15:52 of 3rd period - Snap shot by Marco Rossi.
15:52 of 3rd period - Shot Blocked by Brandon Montour.
16:32 of 3rd period - Brandon Montour is hit by Stefan Noesen and loses puck.
16:38 of 3rd period - Icing by Eetu Luostarinen.
16:39 of 3rd period - Marco Kasper wins face-off versus Jason Robertson in Nashville Predators zone.
17:00 of 3rd period - Snap shot by Eetu Luostarinen.
17:00 of 3rd period - Shot Misses the Net.
17:08 of 3rd period - Slapshot by Eetu Luostarinen.
17:08 of 3rd period - Deflect By Emil Heineman.
17:08 of 3rd period - Stopped by Jake Oettinger with a rebound.
17:10 of 3rd period - Wrist shot by Marco Kasper.
17:10 of 3rd period - Stopped by Jake Oettinger without a rebound.
17:11 of 3rd period - Shane Pinto wins face-off versus Yegor Sharangovich in Washington Capitals zone.
18:10 of 3rd period - Backhand shot by Frederick Gaudreau.
18:10 of 3rd period - Stopped by Anthony Stolarz with a rebound.
18:39 of 3rd period - Off-side.
18:40 of 3rd period - Yegor Sharangovich wins face-off versus Shane Pinto in neutral zone.
19:32 of 3rd period - Wrist shot by Eetu Luostarinen.
19:32 of 3rd period - Shot Misses the Net.
19:47 of 3rd period - Off-side.
19:48 of 3rd period - Pius Suter wins face-off versus Sean Kuraly in neutral zone.
Goals for this period are 2 for Washington Capitals vs 3 for Nashville Predators.
Shots for this period are 16 for Washington Capitals vs 11 for Nashville Predators.

Overtime #1


0:01 of 1st overtime period - Tomas Hertl wins face-off versus Pius Suter in neutral zone.
0:04 of 1st overtime period - Rasmus Ristolainen is hit by Jamie Oleksiak and loses puck.
0:16 of 1st overtime period - Slapshot by Simon Benoit.
0:16 of 1st overtime period - Stopped by Jake Oettinger without a rebound.
0:17 of 1st overtime period - Shane Pinto wins face-off versus Jean-Gabriel Pageau in Washington Capitals zone.
0:38 of 1st overtime period - Alex Ovechkin is hit by Jean-Gabriel Pageau and loses puck.
0:49 of 1st overtime period - Nick Jensen is hit by Ryan Graves and loses puck.
3:04 of 1st overtime period - Alex Pietrangelo is hit by Lars Eller and loses puck.
3:11 of 1st overtime period - Lars Eller is hit by Simon Benoit and loses puck.
3:34 of 1st overtime period - Icing by Jason Robertson.
3:35 of 1st overtime period - Tomas Hertl wins face-off versus Marco Kasper in Washington Capitals zone.
4:35 of 1st overtime period - Jason Robertson is hit by Pius Suter and loses puck.
Goals for this period are 0 for Washington Capitals vs 0 for Nashville Predators.
Shots for this period are 0 for Washington Capitals vs 1 for Nashville Predators.

ShootOut


5:00 of 1st overtime period - Round #1.
5:00 of 1st overtime period - Washington Capitals, Jason Robertson.
5:00 of 1st overtime period - Wrist shot by Jason Robertson.
5:00 of 1st overtime period - Stopped by Anthony Stolarz.
5:00 of 1st overtime period - Nashville Predators, John-Jason Peterka.
5:00 of 1st overtime period - Deke by John-Jason Peterka.
5:00 of 1st overtime period - Stopped by Jake Oettinger.
5:00 of 1st overtime period - Round #2.
5:00 of 1st overtime period - Washington Capitals, Frederick Gaudreau.
5:00 of 1st overtime period - Wrist shot by Frederick Gaudreau.
5:00 of 1st overtime period - Shot Misses the Net.
5:00 of 1st overtime period - Nashville Predators, Jean-Gabriel Pageau.
5:00 of 1st overtime period - Deke by Jean-Gabriel Pageau.
5:00 of 1st overtime period - Stopped by Jake Oettinger.
5:00 of 1st overtime period - Round #3.
5:00 of 1st overtime period - Washington Capitals, Lars Eller.
5:00 of 1st overtime period - Backhand shot by Lars Eller.
5:00 of 1st overtime period - Goal by Lars Eller.
5:00 of 1st overtime period - Nashville Predators, Pius Suter.
5:00 of 1st overtime period - Deke by Pius Suter.
5:00 of 1st overtime period - Stopped by Jake Oettinger.